 Dungeon Crawl Stone Soup version 0.32-a0-872-g59262bdc9b (webtiles) character file.

Game seed: 11663592569515482816

55 601d51SH the Shield-Bearer (level 3, -2/35 HPs)
             Began as a Gnoll Fighter on Mar 31, 2024.
             Slain by an ogre
             ... wielding a +0 giant spiked club
              (11 damage)
             ... on level 2 of the Dungeon.
             The game lasted 00:01:31 (1110 turns).

601d51SH the Shield-Bearer (Gnoll Fighter)          Turns: 1110, Time: 00:01:32

Health: -2/35      AC: 11    Str: 17    XL:     3   Next: 93%
Magic:  4/4        EV:  8    Int:  7    God:
Gold:   50         SH:  5    Dex: 11    Spells: 4/4 levels left

rFire   . . .        a - +0 war axe
rCold   . . .        c - +0 buckler
rNeg    . . .        b - +0 scale mail
rPois   .            h - +1 hat
rElec   .            e - +1 cloak
rCorr   .            (no gloves)
SInv    .            (no boots)
Will    .....        (no amulet) Stlth
                     (no ring)
HPRegen 0.25/turn    (no ring)
MPRegen 0.09/turn

%: no passive effects
@: no status effects
A: fangs 1, strong nose, distributed training
a: no special abilities


You were on level 2 of the Dungeon.
You visited 1 branch of the dungeon, and saw 2 of its levels.

You collected 50 gold pieces.

Inventory:

Hand Weapons
 a - a +0 war axe (weapon)
Armour
 b - a +0 scale mail (worn)
 c - a +0 buckler (worn)
 e - a +1 cloak (worn)
 h - a +1 hat (worn)
Jewellery
 i - an amulet of guardian spirit
Scrolls
 l - 2 scrolls of teleportation {unknown}
 m - a scroll of fog {unknown}
 o - a scroll of immolation {unknown}
Potions
 d - 2 potions of might
 f - a potion of resistance {unknown}
 g - a potion of enlightenment {unknown}
 j - a potion of curing {unknown}
 k - a potion of lignification {unknown}
 n - a potion of ambrosia {unknown}


   Skills:
 + Level 6.5 Fighting
 + Level 1.0 Short Blades
 + Level 1.0 Long Blades
 + Level 4.6 Axes
 + Level 1.0 Maces & Flails
 + Level 1.0 Polearms
 + Level 1.0 Staves
 + Level 1.0 Ranged Weapons
 + Level 1.0 Throwing
 + Level 6.5 Armour
 + Level 1.0 Dodging
 + Level 1.0 Stealth
 + Level 6.5 Shields
 + Level 1.0 Unarmed Combat
 + Level 1.0 Spellcasting
 + Level 0.7 Conjurations
 + Level 0.7 Hexes
 + Level 0.7 Summonings
 + Level 0.7 Necromancy
 + Level 0.7 Translocations
 + Level 0.7 Fire Magic
 + Level 0.7 Ice Magic
 + Level 0.7 Air Magic
 + Level 0.7 Earth Magic
 + Level 0.7 Alchemy
 + Level 1.1 Invocations
 + Level 1.0 Evocations
 + Level 0.9 Shapeshifting


You had 4 spell levels left.
You didn't know any spells.
Your spell library contained the following spells:

 Spells                   Type           Power      Damage    Failure   Level
 Sublimation of Blood     Necr           1%         N/A       86%         2
 Petrify                  Alch/Erth      1%         N/A       100%        4
 Irradiate                Conj/Alch      0%         3d11      100%        5


Dungeon Overview and Level Annotations

Branches:
Dungeon (2/15)

Altars:


Innate Abilities, Weirdness & Mutations

You have very sharp teeth.
Your uncanny sense of smell can sniff out nearby items.
Your experience applies equally to all skills.


Message History

n - a green potion You open the door.
A ball python comes into view.
The ball python hisses angrily.
Found a stone staircase leading down.
A ball python is nearby!
A ball python is nearby!
There is an open door here.
A kobold comes into view. It is wielding a +0 short sword.
The kobold shouts!
You barely miss the ball python. Your bite misses the ball python.
The ball python bites you but does no damage.
You slash the ball python!
You kill the ball python!
You slash the kobold!
You kill the kobold!
No target in view!
No target in view!
No target in view!
You open the door.
There is an open door here.
There is a stone staircase leading down here.
You open the door.
There is an open door here.
o - a scroll labelled ZOWUOKKA QAZXE No target in view!
No target in view!
An ogre comes into view. It is wielding a +0 giant spiked club.
The ogre shouts!
The ogre closely misses you.
You barely miss the ogre.
The ogre hits you with a +0 giant spiked club!!
Ouch! That really hurt!
* * * LOW HITPOINT WARNING * * *
You slash the ogre!
The ogre is moderately wounded.
You hit the ogre. You bite the ogre, but do no damage.
The ogre is heavily wounded.
The ogre hits you with a +0 giant spiked club!
You die...

###......#........#
.##.###+###########
....# #. ##########
.#### #.### #........#
.# #...# #........#
.########'###........#
∆
.....................#
.....................#
................@O...#
####.................#
#..........########
#..........#
####..........#
...#..........#
##+#+####......
#...... ∆ +.......


You could see an ogre.

Vanquished Creatures
  A gnoll (D:1)
  An adder (D:2)
  A dart slug (D:1)
  A bat (D:1)
  2 endoplasms (D:1)
  2 giant cockroaches
  4 goblins
  A hobgoblin (D:1)
  2 kobolds
  5 quokkas (D:1)
  4 ball pythons
  4 frilled lizards
  5 rats (D:1)
33 creatures vanquished.

Notes
Turn   | Place    | Note
-------+----------+-------------------------------------------
     0 | D:1      | 601d51SH the Gnoll Fighter began the quest for the Orb.
     0 | D:1      | Reached XP level 1. HP: 23/23 MP: 1/1
    49 | D:1      | Reached XP level 2. HP: 21/29 MP: 2/2
   347 | D:1      | Reached XP level 3. HP: 35/35 MP: 3/3
   548 | D:1      | Reached skill level 1 in Invocations
   874 | D:2      | Found a faded altar of an unknown god.
   910 | D:2      | Reached skill level 1 in Short Blades
   910 | D:2      | Reached skill level 1 in Long Blades
   910 | D:2      | Reached skill level 1 in Maces & Flails
   910 | D:2      | Reached skill level 1 in Polearms
   910 | D:2      | Reached skill level 1 in Staves
   910 | D:2      | Reached skill level 1 in Ranged Weapons
   910 | D:2      | Reached skill level 1 in Throwing
   910 | D:2      | Reached skill level 1 in Dodging
   910 | D:2      | Reached skill level 1 in Stealth
   910 | D:2      | Reached skill level 1 in Unarmed Combat
   910 | D:2      | Reached skill level 1 in Spellcasting
   910 | D:2      | Reached skill level 1 in Evocations
  1104 | D:2      | Noticed an ogre
  1110 | D:2      | Slain by an ogre

Illustrated notes

Levels and vault maps discovered:
D:1:      onia_arrival_mini_spirals, layout_loops_cross, st_stairs_13
D:2:      layout_basic, ebering_ecumenical_altar_box,
          minmay_misc_feat_secret_circle, uniq_crazy_yiuf_cottage

Skill      XL: |  1  2  3 |
---------------+----------+-----
Invocations    | 1 |  1.1
Short Blades   | 1 |  1.0
Long Blades    | 1 |  1.0
Maces & Flails | 1 |  1.0
Polearms       | 1 |  1.0
Staves         | 1 |  1.0
Ranged Weapons | 1 |  1.0
Throwing       | 1 |  1.0
Dodging        | 1 |  1.0
Stealth        | 1 |  1.0
Unarmed Combat | 1 |  1.0
Spellcasting   | 1 |  1.0
Evocations     | 1 |  1.0
Fighting       | |  6.5
Axes           | |  4.6
Armour         | |  6.5
Shields        | |  6.5
Conjurations   | |  0.7
Hexes          | |  0.7
Summonings     | |  0.7
Necromancy     | |  0.7
Translocations | |  0.7
Fire Magic     | |  0.7
Ice Magic      | |  0.7
Air Magic      | |  0.7
Earth Magic    | |  0.7
Alchemy        | |  0.7
Shapeshifting  | |  0.9

Action                     || total
---------------------------++-------
  Melee: War axe           ||    96
         Bite              ||     4
 Armour: Scale mail        ||    74
  Dodge: Dodged            ||    41
  Block: Buckler           ||    22

Table legend: (Time is in decaauts)
 A = Elapsed time spent in this place.
 B = Non-inter-level travel time spent in this place.
 C = Inter-level travel time spent in this place.
 D = Time resting spent in this place.
 E = Time spent auto-exploring this place.
 F = Levels seen in this place.
 G = Mean time per level.
                   A        B        C        D        E       F      G
               +--------+--------+--------+--------+--------+-----+--------+
         Total |   1138 |   1108 |     30 |      0 |    863 |   2 |  569.0 |
       Dungeon |   1138 |   1108 |     30 |      0 |    863 |   2 |  569.0 |
               +--------+--------+--------+--------+--------+-----+--------+

Top non-repeatable levels by time:
     D:1: 805 daAuts
     D:2: 333 daAuts
